 Dungeon Crawl Stone Soup version 0.30.0-29-ga12c61a403 (webtiles) character file.

Game seed: 15701532403445605655

429 seaoflcl the Chopper (level 6, -1/56 HPs)
             Began as a Minotaur Fighter on June 6, 2023.
             Slain by a gnoll
             ... wielding a +0 spear
              (3 damage)
             ... on level 4 of the Dungeon.
             The game lasted 00:02:54 (2753 turns).

seaoflcl the Chopper (Minotaur Fighter)             Turns: 2753, Time: 00:02:54

Health: -1/56      AC:  9    Str: 19 (22) XL:     6   Next: 66%
Magic:  5/5        EV:  7    Int:  3 (5)  God:
Gold:   123        SH:  4    Dex:  7 (10) Spells: 5/5 levels left

rFire   . . .        a - +0 war axe
rCold   . . .        c - +0 buckler
rNeg    . . .        t - +0 chain mail
rPois   .            (helmet restricted)
rElec   .            (no cloak)
rCorr   .            (no gloves)
SInv    .            (no boots)
Will    .....        (no amulet) Stlth
                     (no ring)
HPRegen 0.29/turn    (no ring)
MPRegen 0.09/turn

%: no passive effects
@: mighty
A: horns 2, retaliatory headbutt
a: no special abilities


You were on level 4 of the Dungeon.
You visited 1 branch of the dungeon, and saw 6 of its levels.

You collected 123 gold pieces.

Inventory:

Hand Weapons
 a - a +0 war axe (weapon)
Missiles
 r - 10 boomerangs (quivered)
Armour
 c - a +0 buckler (worn)
 t - a +0 chain mail (worn)
Jewellery
 k - a +6 ring of intelligence
Wands
 o - a wand of light (1)
Scrolls
 e - 5 scrolls of teleportation {unknown}
 f - a scroll of enchant weapon {unknown}
 h - 2 scrolls of enchant armour {unknown}
 i - a scroll of noise {unknown}
 l - 2 scrolls of identify {unknown}
 q - 2 scrolls of torment {unknown}
 s - 2 scrolls of immolation {unknown}
Potions
 g - a potion of flight {unknown}
 j - 3 potions of degeneration
 m - a potion of attraction {unknown}
 n - a potion of haste {unknown}
 p - a potion of curing {unknown}


   Skills:
 + Level 5.2 Fighting
 * Level 5.6 Axes
 + Level 5.2 Armour
 + Level 5.2 Shields


You had 5 spell levels left.
You didn't know any spells.
Your spell library was empty.

Dungeon Overview and Level Annotations

Branches:
Dungeon (6/15)
 Temple: D:4-7

Altars:


Innate Abilities, Weirdness & Mutations

You have a pair of horns on your head.
You reflexively headbutt those who attack you in melee.


Message History

Beogh smites you! The gnoll hits you but does no damage.
The gnoll hits you from afar with a +0 spear.
You hear a shout!
Things that are here:
a +0 whip; a gnoll corpse An orc priest and an orc wizard come into view.
The orc wizard is wielding a +1 vampiric dagger.
The orc wizard shouts!
The gnoll hits you from afar with a +0 spear.
The gnoll hits you but does no damage.
You slash the gnoll!
You kill the gnoll!
The gnoll barely misses you. You block the gnoll's attack.
The gnoll hits you from afar with a +0 halberd!
You block the gnoll's attack.
The orc priest calls down the wrath of Beogh upon you.
Beogh smites you!
The orc wizard mumbles some strange words.
The orc wizard flickers and vanishes!
Deactivating autopickup; reactivate with Ctrl-A.
You block the gnoll's attack.
Things that are here:
a +0 whip; a gnoll corpse The orc priest calls down the wrath of Beogh upon you.
Beogh smites you!
* * * LOW HITPOINT WARNING * * *
It was a potion of degeneration.
There was something very wrong with that liquid.
You feel weakened.
You feel dopey.
You feel clumsy.
The gnoll hits you from afar with a +0 spear.
* * * LOW HITPOINT WARNING * * *
You feel very mighty all of a sudden.
The gnoll hits you from afar with a +0 halberd.
* * * LOW HITPOINT WARNING * * *
You block the gnoll's attack.
The orc priest begins to cast a cantrip, but forgets the words!
The gnoll barely misses you. You furiously retaliate!
You headbutt the gnoll!
You kill the gnoll!
The gnoll hits you with a +0 spear.
You die...

##'###.#.#.#.#.#
####.###
######.............#
#.#
#....#.###.#.#.#.#.#
#.### #.##.#.#
#.........## #....
#.##...#
#.#.#.#.#..# #####
#......#
#..........#
#..#...#
###...#....#
###..#.#.#
##..##..###
.....#####
+.#@##....### ###..#
#o.)go......# ####
###.#.#.#.#.#
#...o.....#
#.#.#)#.#.#
#.........#
#.#.#)#.#.#
#...........#
#.#.#.#.#...#


You could see 2 orc priests, a gnoll and an orc.

Vanquished Creatures
  An ogre (D:4)
  A phantom (D:4)
  A hound (D:5)
  A sleepcap (D:4)
  Natasha (thrice) (D:2)
  An orc wizard (D:3)
  3 gnolls (D:4)
  3 adders
  An ufetubus (D:4)
  2 dart slugs
  6 orcs
  7 bats
  5 endoplasms
  5 goblins
  3 hobgoblins
  4 jackals (D:3)
  3 quokkas
  5 ball pythons
  A frilled lizard (D:1)
  A kobold (D:1)
  4 rats
61 creatures vanquished.

Notes
Turn   | Place    | Note
-------+----------+-------------------------------------------
     0 | D:1      | seaoflcl the Minotaur Fighter began the quest for the Orb.
     0 | D:1      | Reached XP level 1. HP: 19/19 MP: 0/0
    57 | D:1      | Reached XP level 2. HP: 24/27 MP: 1/1
   871 | D:2      | Reached XP level 3. HP: 29/33 MP: 2/2
  1354 | D:2      | Noticed Natasha
  1360 | D:2      | Killed Natasha
  1630 | D:2      | Noticed Natasha
  1634 | D:2      | Killed Natasha
  1635 | D:2      | Reached XP level 4. HP: 19/41 MP: 3/3
  1764 | D:2      | Noticed Natasha
  1775 | D:2      | Killed Natasha
  2067 | D:3      | Reached XP level 5. HP: 32/47 MP: 4/4
  2283 | D:3      | You fall into a shaft and drop 3 floors!
  2305 | D:5      | Entered Level 5 of the Dungeon
  2496 | D:4      | Noticed a phantom
  2510 | D:4      | Killed a phantom
  2511 | D:4      | Reached skill level 5 in Axes
  2511 | D:4      | Reached XP level 6. HP: 46/55 MP: 5/5
  2513 | D:4      | Reached skill level 5 in Fighting
  2513 | D:4      | Reached skill level 5 in Armour
  2513 | D:4      | Reached skill level 5 in Shields
  2752 | D:4      | HP: 1/56 [gnoll/+0 halberd (6)]
  2753 | D:4      | Slain by a gnoll

Illustrated notes

Levels and vault maps discovered:
D:1:      eino_arrival_druids_welcome, layout_basic
D:2:      minmay_alternating_diamond, layout_basic, uniq_natasha
D:3:      layout_basic, minitemple, shapermc_ecumenical_altar_mp_ritualfount,
          kennysheep_nondescript
D:4:      layout_loops_corners, mainiacjoe_overflow_divided_tiny, serial_glass,
          glass_columns_b, glass_columns_c, glass_columns_c, glass_columns_a,
          glass_columns_b, glass_columns_b, glass_columns_a, glass_columns_c,
          item_on_display_a, minmay_strange_pillars, item_on_display_a,
          st_stairs_3, chequers_hall_statues_wall_a
D:5:      kb_forest_paths, layout_layer_cave,
          minmay_temple_entry_enclosed_plants
D:6:      layout_loops_corners, mainiacjoe_overflow_24_doors

Skill      XL: |  1  2  3  4  5  6 |
---------------+-------------------+-----
Fighting       | 4 5 |  5.2
Armour         | 4 5 |  5.2
Axes           | 3 4 5 |  5.6
Shields        | 4 5 |  5.2

Action                     |  1- 3 |  4- 6 || total
---------------------------+-------+-------++-------
  Melee: War axe           |    69 |    68 ||   137
         Headbutt          |    11 |     9 ||    20
    Use: Potion            |       |     2 ||     2
 Armour: Scale mail        |    21 |    26 ||    47
         Chain mail        |       |    13 ||    13
  Dodge: Dodged            |    36 |    30 ||    66
  Block: Buckler           |    14 |    16 ||    30
